 Dungeon Crawl Stone Soup version 0.24.0-13-gcf9b319 (webtiles) character file.

Game seed: 15072006863662597585, levelgen mode: deterministic

1248 Fang the Skirmisher (level 8, -3/78 HPs)
             Began as a Gargoyle Berserker on Dec 9, 2019.
             Was an Elder of Trog.
             Slain by a +1 dire flail of protection (7 damage)
             ... on level 1 of the Abyss.
             The game lasted 00:05:33 (3756 turns).

Fang the Skirmisher (Gargoyle Berserker)            Turns: 3756, Time: 00:05:33

Health: -3/78      AC: 16    Str: 28    XL:     8   Next: 50%
Magic:  8/8        EV: 10    Int:  8    God:    Trog [****..]
Gold:   286        SH:  0    Dex:  9    Spells: 7/7 levels left

rFire    . . .     SeeInvis .   a - +0 hand axe
rCold    . . .     Gourm    .   (no shield)
rNeg     + . .     Faith    .   b - +0 chain mail
rPois    ∞         Spirit   .   (no helmet)
rElec    +         Reflect  .   f - +0 cloak (curse)
rCorr    .         Harm     .   (no gloves)
MR       .....                  (no boots)
Stlth    ..........             (no amulet)
HPRegen  0.23/turn              u - ring of flight
MPRegen  0.11/turn              (no ring)

@: berserking (expiring), very quick
A: negative energy resistance 1, electricity resistance, unbreathing,
petrification resistance, rot immunity, AC +5
a: Berserk, Trog's Hand, Brothers in Arms, Renounce Religion, Evoke Flight


You were on level 1 of the Abyss.
You worshipped Trog.
Trog was greatly pleased with you.
You were very hungry.

You visited 2 branches of the dungeon, and saw 7 of its levels.
You visited the Abyss 1 time.

You collected 286 gold pieces.

Inventory:

Hand Weapons
 a - a +0 hand axe (weapon)
Armour
 b - a +0 chain mail (worn)
 f - a cursed +0 cloak (worn)
Jewellery
 u - a ring of flight (left hand)
Wands
 v - a wand of acid (11)
Scrolls
 g - 3 scrolls of blinking {unknown}
 h - 7 scrolls of remove curse {unknown}
 i - a scroll of enchant armour {unknown}
 j - 2 scrolls of noise {unknown}
 l - 2 scrolls of random uselessness {unknown}
 n - 4 scrolls of teleportation {unknown}
 o - 2 scrolls of fear {unknown}
 r - 5 scrolls of identify {unknown}
 s - a scroll of enchant weapon {unknown}
 w - a scroll of fog {unknown}
 x - a scroll of magic mapping {unknown}
 y - a scroll of vulnerability {unknown}
 B - a scroll of amnesia {unknown}
Potions
 d - 2 potions of brilliance {unknown}
 e - a potion of berserk rage {unknown}
 k - 4 potions of curing {unknown}
 m - a potion of degeneration {unknown}
 p - a potion of heal wounds {unknown}
 q - a potion of lignification {unknown}
 t - a potion of might {unknown}
 A - a potion of cancellation {unknown}
Comestibles
 c - 6 rations
 z - 6 chunks of flesh


   Skills:
 + Level 6.4 Fighting
 + Level 5.2 Axes
 + Level 5.8 Armour
 + Level 4.3 Dodging


You had 7 spell levels left.
You didn't know any spells.
Your spell library was empty.

Dungeon Overview and Level Annotations

Branches:
Dungeon (6/15)             Temple (1/1) D:5

Altars:
Dithmenos
Elyvilon
Fedhas
Gozag
Hepliaklqana
Makhleb
Qazlal
Ru
Vehumet
Xom
Zin
The Shining One

Shops:
D:4 %

Annotations:
D:5 1 runed translucent door, Southernist's ghost, novice TeCj


Innate Abilities, Weirdness & Mutations

You are resistant to torment.
Your stone body is resilient. (AC +5)
You are immune to poison.
You resist negative energy. (rN+)
You are resistant to electric shocks. (rElec)
You can survive without breathing.
You are immune to petrification.
You are immune to rotting.


Message History

You are too injured to fight recklessly!
You are too injured to fight recklessly!
You are too injured to fight recklessly!
You are too injured to fight recklessly!
A red film seems to cover your vision as you go berserk!
You feel yourself moving faster!
You feel mighty!
You are feeling very hungry.
The +1 dire flail of protection hits you but does no damage.
You miss the +1 dire flail of protection.
The +1 dire flail of protection hits you!!
* * * LOW HITPOINT WARNING * * *
You hit the +1 dire flail of protection but do no damage.
The +1 dire flail of protection barely misses you.
You closely miss the +1 dire flail of protection.
The +1 dire flail of protection hits you but does no damage.
Your chain mail prevents you from hitting the +1 dire flail of protection.
The +1 dire flail of protection closely misses you.
You miss the +1 dire flail of protection.
The +1 dire flail of protection hits you!
You die...

#. #.# .
.#. #.#
##..# #
#..# .###
#..##(.##
#(.@....#
##.#(..#...
#).#.###..
##.#.#
#.#.# #.)..
.##.. # #..


You could see a +1 dire flail of protection.

Vanquished Creatures
  Sigmund (D:3)
  A sky beast (D:4)
  A centaur (D:6)
  A bullfrog (D:6)
  A centaur zombie (D:5)
  A bullfrog skeleton (D:5)
  A bullfrog zombie (D:5)
  A hound (D:6)
  5 orc priests
  Ijyb (D:3)
  An iguana (D:5)
  2 worker ants (D:4)
  5 orc wizards
  A hound skeleton (D:6)
  A worker ant zombie (D:6)
  7 gnolls
  9 adders
  A howler monkey skeleton (D:5)
  A shadow imp (D:5)
  An ooze (D:3)
  2 adder skeletons
  9 worms
  5 leopard geckos
  15 orcs
  18 giant cockroaches
  6 goblins
  4 hobgoblins
  4 jackals (D:1)
  3 quokkas
  7 bats
  5 frilled lizards
  7 kobolds
  8 rats
136 creatures vanquished.

Notes
Turn   | Place    | Note
-------+----------+-------------------------------------------
     0 | D:1      | Fang the Gargoyle Berserker began the quest for the Orb.
     0 | D:1      | Reached XP level 1. HP: 14/14 MP: 1/1
   120 | D:1      | Reached XP level 2. HP: 18/19 MP: 2/2
   296 | D:1      | Reached XP level 3. HP: 23/23 MP: 3/3
   518 | D:2      | Found a sacrificial altar of Ru.
   537 | D:2      | Reached ** piety under Trog
   601 | D:2      | Reached XP level 4. HP: 14/29 MP: 4/4
   851 | D:2      | Found a stormy altar of Qazlal.
   869 | D:2      | Found a blossoming altar of Fedhas.
   882 | D:2      | Reached skill level 4 in Fighting
   973 | D:2      | Found a white marble altar of Elyvilon.
   993 | D:2      | Found a shadowy altar of Dithmenos.
  1186 | D:3      | Reached XP level 5. HP: 11/33 MP: 5/5
  1278 | D:3      | Noticed Ijyb
  1315 | D:3      | Killed Ijyb
  1530 | D:3      | Noticed Sigmund
  1535 | D:3      | Killed Sigmund
  1535 | D:3      | Reached XP level 6. HP: 40/40 MP: 6/6
  1757 | D:3      | Reached *** piety under Trog
  1760 | D:3      | Reached skill level 5 in Fighting
  1995 | D:4      | Reached XP level 7. HP: 42/44 MP: 7/7
  2020 | D:4      | Found a glowing golden altar of the Shining One.
  2022 | D:4      | Found a radiant altar of Vehumet.
  2023 | D:4      | Found a glowing silver altar of Zin.
  2024 | D:4      | Found a shimmering altar of Xom.
  2025 | D:4      | Found a hazy altar of Hepliaklqana.
  2291 | D:4      | Found Qige's Food Shop.
  2403 | D:5      | Entered Level 5 of the Dungeon
  2523 | D:5      | Reached skill level 5 in Armour
  2531 | D:5      | Reached **** piety under Trog
  2611 | D:5      | Found a burning altar of Makhleb.
  2620 | D:5      | Found an opulent altar of Gozag.
  2861 | D:5      | Found a runed translucent door.
  2861 | D:5      | Noticed Southernist's ghost (novice TeCj)
  2984 | D:5      | Found a staircase to the Ecumenical Temple.
  2999 | D:5      | Reached XP level 8. HP: 51/51 MP: 8/8
  3007 | Temple   | Entered the Ecumenical Temple
  3222 | D:6      | Reached skill level 6 in Fighting
  3247 | D:6      | Reached skill level 5 in Axes
  3664 | D:6      | Cast into level 1 of the Abyss (orc wizard)
  3748 | Abyss:1  | Noticed a +1 dire flail of protection
  3756 | Abyss:1  | Slain by a +1 dire flail of protection

Levels and vault maps discovered:
D:1:      wheals_arrival_shading, layout_basic
D:2:      layout_rooms, nicolae_ru_awakened_eye,
          nicolae_dithmenos_through_a_glass_darkly, lemuel_crystal_altar,
          overflow_temple_1_default, lemuel_round_altar
D:3:      minmay_roachtagon, layout_rooms, uniq_sigmund, uniq_ijyb
D:4:      layout_cave_pools, grunt_temple_overflow_open, serial_shops, shop
D:5:      layout_basic, grunt_gozag_statues, bloody_makhleb,
          minmay_temple_entry_statues_fountains, hellmonk_ghost_happy_afterlife,
          first_ration
D:6:      layout_loops_corners, old_standard_altar
Temple:   corrupted_temple
Abyss:1

Skill      XL: |  1  2  3  4  5  6  7  8 |
---------------+-------------------------+-----
Axes           | 3 4 5 |  5.2
Dodging        | 2 3 4 |  4.3
Armour         | 3 4 5 |  5.8
Fighting       | 4 5 6 |  6.4

Action                   |  1- 3 |  4- 6 |  7- 9 || total
-------------------------+-------+-------+-------++-------
Melee: Hand axe          |   104 |   227 |   292 ||   623
Invok: Berserk           |     2 |     3 |     4 ||     9
       Trog's Hand       |       |     1 |     1 ||     2
  Eat: Chunk             |     1 |     8 |    10 ||    19
Armor: Animal skin       |     5 |       |       ||     5
       Chain mail        |    72 |   186 |   183 ||   441
Dodge: Dodged            |    73 |   154 |   133 ||   360
